AoeStats
← teodoro kaplan

Arabia

506242228Analyzed
4v4 RM · 21d ago on Sep 12, 2026· 35m 2s· 8 players
Game mode
Random Map
Map size
Large (8 player)
Population
200
Speed
Normal
Resources
Standard
Victory
Conquest
Starting age
Dark Age
Ending age
Imperial Age
RankedLock teamsTeams togetherTeam positionsShared explorationLock speedFull tech treeHidden civsTurbo modeCheats
Victory
Defeat
🇻🇪 Ethiopians · Venezuela
1173
+11
🇦🇷 Vikings · Argentina
1147
+12
🇦🇷 Magyars · Argentina
1139
+13
🇦🇷 Muisca · Argentina
1134
+13
🇦🇷 Vietnamese · Argentina
1101
-13
🇦🇷 Ethiopians · Argentina
1098
-14
🇦🇷 Franks · Argentina
1034
-11
🇦🇷 Magyars · Argentina
1031
-11
Capiango2.0
10:31 Feudal Age
9:15 Loom
15:09 Castle Age
16:01 Squires
15:53 Double-Bit Axe
16:09 Scale Mail Armor
16:58 Horse Collar
22:48 Chain Mail Armor
27:53 Forging
28:02 Bow Saw
32:06 Heavy Plow
ELDIOSCHICHOLIN
0:44 Loom
11:21 Feudal Age
13:42 Double-Bit Axe
17:50 Castle Age
19:27 Pikeman
21:12 Scale Mail Armor
24:32 Squires
27:00 Horse Collar
30:10 Town Watch
30:28 Chieftains
31:04 Chain Mail Armor
32:34 Gambesons
33:54 Forging
Joaquin_AoE
7:01 Loom
11:03 Feudal Age
20:31 Castle Age
22:41 Town Watch
Lord_Ermack
6:43 Loom
9:29 Feudal Age
9:33 Man-at-Arms
15:21 Fletching
19:21 Padded Archer Armor
23:45 Double-Bit Axe
23:41 Horse Collar
24:12 Gold Mining
25:53 Wheelbarrow
29:36 Castle Age
29:45 Crossbowman
30:31 Thumb Ring
30:54 Bodkin Arrow
31:15 Leather Archer Armor
31:23 Hand Cart
elzucu
10:49 Feudal Age
14:57 Double-Bit Axe
19:42 Wheelbarrow
23:40 Castle Age
22:33 Forging
23:24 Scale Barding Armor
25:13 Gold Mining
25:36 Bow Saw
26:11 Iron Casting
26:27 Husbandry
28:00 Chain Barding Armor
29:06 Hand Cart
36:37 Imperial Age
petut
7:07 Loom
10:00 Feudal Age
11:06 Double-Bit Axe
16:09 Wheelbarrow
15:55 Fletching
16:39 Horse Collar
21:50 Castle Age
20:41 Gold Mining
20:42 Stone Mining
20:55 Padded Archer Armor
21:57 Crossbowman
22:49 Bow Saw
22:51 Thumb Ring
26:34 Scale Mail Armor
30:02 Forging
31:44 Iron Casting
31:39 Hand Cart
teodoro kaplan
6:46 Loom
9:47 Feudal Age
18:25 Horse Collar
18:31 Double-Bit Axe
19:32 Bloodlines
22:12 Scale Mail Armor
22:18 Scale Barding Armor
24:57 Castle Age
25:45 Gold Mining
26:07 Scale Barding Armor
25:30 Pikeman
27:09 Gold Shaft Mining
27:55 Stone Mining
31:33 Chain Barding Armor
Garsomon
5:45 Loom
10:13 Feudal Age
15:44 Fletching
16:36 Scale Mail Armor
16:38 Padded Archer Armor
19:13 Scale Mail Armor
19:40 Gold Mining
19:38 Double-Bit Axe
24:55 Horse Collar
28:03 Castle Age
28:44 Bodkin Arrow
29:24 Leather Archer Armor
29:50 Elite Skirmisher
30:47 Crossbowman
33:07 Bow Saw
32:59 Town Watch
34:19 Ballistics
Connection lost

Rejoining the realm…

Still unreachable

The connection could not be restored.

Session expired

The server has moved on; the page needs a fresh start.